 Dungeon Crawl Stone Soup version 0.30-a0-137-gd8773701ce (webtiles) character file.

Game seed: 12111143687718460375

793 zishaf the Covered (level 7, -4/58 HPs)
             Began as a Demigod Wanderer on Sept 23, 2022.
             Slain by a water moccasin (8 damage)
             ... on level 5 of the Dungeon.
             The game lasted 00:05:37 (5351 turns).

zishaf the Covered (Demigod Wanderer)               Turns: 5351, Time: 00:05:38

Health: -4/58      AC:  8    Str: 22    XL:     7   Next: 31%
Magic:  13/13      EV:  7    Int: 13    God:
Gold:   211        SH: 12    Dex: 13    Spells: 9/10 levels left

rFire   . . .      SeeInvis .    a - +3 hand axe
rCold   . . .      Faith    .    p - +0 tower shield
rNeg    + . .      Spirit   .    i - +0 ring mail
rPois   .          Reflect  .    (no helmet)
rElec   .          Harm     .    f - +0 cloak
rCorr   .          Rampage  .    t - +0 pair of gloves
Will    .....                    (no boots)
Stlth   +.........               (no amulet)
HPRegen 0.19/turn                q - ring of positive energy
MPRegen 0.13/turn                (no ring)

@: lethally poisoned (-4 -> -21)
A: high MP 1, forlorn, divine attributes
a: no special abilities


You were on level 5 of the Dungeon.
You visited 1 branch of the dungeon, and saw 5 of its levels.

You collected 269 gold pieces.
You spent 58 gold pieces at shops.

Inventory:

Hand Weapons
 a - a +3 hand axe (weapon)
 b - a +0 sling
 m - a +0 quarterstaff
Armour
 f - a +0 cloak (worn)
 h - a +0 kite shield
 i - a +0 ring mail (worn)
 p - a +0 tower shield (worn)
 t - a +0 pair of gloves (worn)
Jewellery
 q - a ring of positive energy (left hand)
Wands
 d - a wand of quicksilver (7)
Scrolls
 e - 4 scrolls of immolation
 n - a scroll of enchant armour {unknown}
 r - a scroll of fog
 s - a scroll of teleportation {unknown}
Potions
 c - a potion of lignification
 g - a potion of heal wounds
 j - a potion of mutation {unknown}
 k - 2 potions of might
 l - 2 potions of curing
 o - 4 potions of haste


   Skills:
 + Level 3.6 Fighting
 + Level 3.0 Axes
 - Level 1.0 Staves
 - Level 4.0 Armour
 - Level 2.0 Dodging
 - Level 1.7 Stealth
 + Level 2.8 Shields
 - Level 2.0 Spellcasting
 - Level 1.7 Hexes
 + Level 2.7 Evocations


You had 9 spell levels left.
You knew the following spells:

 Your Spells              Type           Power      Damage    Failure   Level
a - Slow                  Hex            20%        N/A       95%         1

Your spell library contained the following spells:

 Spells                   Type           Power      Damage    Failure   Level
 Freeze                   Ice            4%         1d3       99%         1
 Ensorcelled Hibernation  Hex/Ice        6%         N/A       99%         2
 Static Discharge         Conj/Air       2%         2-3/arc   100%        2
 Dazzling Flash           Conj/Hex       6%         N/A       100%        3
 Frozen Ramparts          Ice            2%         1d1       100%        3
 Ignite Poison            Fire/Tmut/Pois 1%         N/A       100%        3
 Inner Flame              Hex/Fire       3%         N/A       100%        3
 Spider Form              Tmut/Pois      1%         N/A       100%        3
 Anguish                  Hex/Necr       1%         N/A       100%        4
 Dispel Undead            Necr           1%         3d6       100%        4
 Hailstorm                Conj/Ice       1%         3d3       100%        4
 Sticky Flame             Conj/Fire      1%         2d3       100%        4


Dungeon Overview and Level Annotations

Branches:
Dungeon (5/15)
 Temple: D:4-7

Shops:
D:5 ([([


Innate Abilities, Weirdness & Mutations

You have an increased reservoir of magic. (+10% MP)
You shall have no god before yourself.
Your divine heritage dramatically boosts your attributes as you level up.


Message History

You hit the water moccasin.
The water moccasin is heavily wounded.
You feel sick. The water moccasin barely misses you.
The water moccasin bites you.
You are more poisoned.
The water moccasin poisons you!
You slash the water moccasin!
The water moccasin is severely wounded.
You feel extremely sick.
The water moccasin completely misses you.
You block the water moccasin's attack.
You barely miss the water moccasin.
The water moccasin is severely wounded.
You feel very sick.
You block the water moccasin's attack. x2; The water moccasin bites you.
* * * LOW HITPOINT WARNING * * *
You are lethally poisoned!
The water moccasin poisons you!
You feel better. You block the water moccasin's attack.
You hit the water moccasin.
The water moccasin is almost dead.
The water moccasin bites you.
You are poisoned.
The water moccasin poisons you!
The water moccasin bites you but does no damage.
You miss the water moccasin.
The water moccasin is almost dead.
You feel very sick. The water moccasin bites you.
* * * LOW HITPOINT WARNING * * *
You are lethally poisoned!
The water moccasin poisons you! You block the water moccasin's attack.
You hit the water moccasin.
The water moccasin is almost dead.
* * * LOW HITPOINT WARNING * * *
You feel extremely sick. The water moccasin bites you.
* * * LOW HITPOINT WARNING * * *
The water moccasin bites you!
You die...

#.# #.#######
#####.# #.......#
......#
#######.#######
....########
#........# .##.#
#...####..#####.#
###.# #.#.......#
##..# #....####.#
#...# #.∩.## #.#
....####...# #@#
.[....##.#.#
#.S.⌠.⌠.#
#...#......#
####.∩...
##).#####.## .⌠##
###)# #.# ##
.##.# #.## ....#
#..# ..### ##.#
#.# #.#


You could see a water moccasin.

Vanquished Creatures
  The ghost of Jeffwins the Conjurer, an amateur HuWn (D:4)
  A water moccasin (D:5)
  An ice beast (D:5)
  An ogre (D:5)
  2 bullfrogs
  A jelly (D:5)
  7 adders
  3 gnolls (D:5)
  An ufetubus (D:5)
  2 dart slugs
  A worm (D:3)
  10 orcs
  4 endoplasms
  5 giant cockroaches
  4 goblins
  5 hobgoblins
  5 quokkas
  8 ball pythons
  8 bats
  6 frilled lizards
  2 kobolds (D:3)
  7 rats
85 creatures vanquished.

Notes
Turn   | Place    | Note
-------+----------+-------------------------------------------
     0 | D:1      | zishaf the Demigod Wanderer began the quest for the Orb.
     0 | D:1      | zishaf set off with the following items: a +0 quarterstaff,
                  | a +0 ring mail, a potion of lignification; and the
                  | following spell memorised: Slow; and the following spells
                  | available to memorise: Dazzling Flash, Inner Flame.
     0 | D:1      | Reached XP level 1. HP: 14/14 MP: 5/5
   443 | D:1      | Reached XP level 2. HP: 22/22 MP: 7/7
   747 | D:1      | Reached skill level 1 in Fighting
   902 | D:2      | Reached skill level 3 in Armour
   906 | D:2      | Reached skill level 1 in Dodging
  1043 | D:2      | Reached XP level 3. HP: 26/28 MP: 8/8
  2103 | D:3      | Reached XP level 4. HP: 36/36 MP: 9/9
  3622 | D:4      | Found a runed translucent door.
  3658 | D:4      | Noticed a bullfrog
  3658 | D:4      | Noticed Jeffwins's ghost (amateur HuWn)
  3922 | D:4      | Killed a bullfrog
  3923 | D:4      | Reached skill level 1 in Axes
  3923 | D:4      | Reached XP level 5. HP: 42/42 MP: 10/10
  3939 | D:4      | Killed Jeffwins's ghost
  3940 | D:4      | Reached skill level 4 in Armour
  3940 | D:4      | Reached skill level 1 in Shields
  3940 | D:4      | Reached skill level 1 in Evocations
  3940 | D:4      | Reached XP level 6. HP: 50/50 MP: 11/11
  4025 | D:5      | Entered Level 5 of the Dungeon
  4334 | D:5      | Found Fukereatoc's Weapon Shop.
  4636 | D:5      | Found Men Sychao's Weapon Boutique.
  4716 | D:5      | Noticed a water moccasin
  4725 | D:5      | Killed a water moccasin
  4726 | D:5      | Reached XP level 7. HP: 45/57 MP: 13/13
  5135 | D:5      | Found Ticvoc's Armour Shoppe.
  5142 | D:5      | Bought a +0 pair of gloves for 58 gold pieces
  5335 | D:5      | Found Icwocwoo's Antique Armour Shop.
  5351 | D:5      | Slain by a water moccasin

Illustrated notes

Levels and vault maps discovered:
D:1:      matt_arrival_grand_opening, layout_rooms, serial_aquarium,
          aquarium_bridge_straight [aquarium_subvault_bridge,
          aquarium_subvault_window, aquarium_subvault_bridge,
          aquarium_subvault_balcony], aquarium_window_2, aquarium_window_3,
          aquarium_window_fake, aquarium_window_fake, aquarium_view_2d,
          aquarium_view_2a, aquarium_pool_2
D:2:      layout_loops_ring, kennysheep_generic_room_3
D:3:      layout_basic, trog_book, mainiacjoe_overflow_six_doors_small,
          shapermc_ecumenical_altar_flowoftime
D:4:      layout_basic, ebering_ghost_inner_flame
D:5:      layout_loops_ring, doesnt_xom_only_xom, serial_shops, shop_fountains,
          nicolae_shop_hallway_plus, nicolae_shop_stone, shop,
          nrook_pool_corridor, minivault_19

Skill      XL: |  1  2  3  4  5  6  7 |
---------------+----------------------+-----
Spellcasting   | 2 |  2.0
Fighting       | 1 2 3 |  3.6
Armour         | 3 4 |  4.0
Dodging        | 1 2 |  2.0
Axes           | 1 2 3 |  3.0
Shields        | 1 2 |  2.8
Evocations     | 1 2 |  2.7
Staves         | |  1.0
Stealth        | |  1.7
Hexes          | |  1.7

Action                   |  1- 3 |  4- 6 |  7- 9 || total
-------------------------+-------+-------+-------++-------
Melee: Quarterstaff      |   116 |       |       ||   116
       Hand axe          |     1 |   141 |    28 ||   170
 Fire: Sling             |    47 |       |       ||    47
  Use: Scroll            |       |     9 |       ||     9
       Potion            |       |     2 |     1 ||     3
 Stab: Sleeping          |     1 |     1 |       ||     2
Armor: Ring mail         |    69 |    50 |    13 ||   132
       Skin              |       |    27 |       ||    27
Dodge: Dodged            |   106 |    65 |     5 ||   176
Block: Kite shield       |       |    22 |       ||    22
       Tower shield      |       |    20 |    19 ||    39

Table legend: (Time is in decaauts)
 A = Elapsed time spent in this place.
 B = Non-inter-level travel time spent in this place.
 C = Inter-level travel time spent in this place.
 D = Time resting spent in this place.
 E = Time spent auto-exploring this place.
 F = Levels seen in this place.
 G = Mean time per level.
                   A        B        C        D        E       F      G
               +--------+--------+--------+--------+--------+-----+--------+
         Total |   5438 |   5368 |     70 |    330 |   4227 |   5 | 1087.6 |
       Dungeon |   5438 |   5368 |     70 |    330 |   4227 |   5 | 1087.6 |
               +--------+--------+--------+--------+--------+-----+--------+

Top non-repeatable levels by time:
     D:5: 1341 daAuts
     D:3: 1288 daAuts
     D:2: 1109 daAuts
     D:1: 912 daAuts
     D:4: 787 daAuts
